 Dungeon Crawl Stone Soup version 0.31.0-12-g77e489cdc1 (webtiles) character file.

Game seed: 6464442849013599883

298 cordlesssteve the Grave Robber (level 6, -6/42 HPs)
             Began as a Demonspawn Necromancer on Feb 16, 2024.
             Mangled by Crazy Yiuf
             ... wielding a +3 quarterstaff of chaos
              (34 damage)
             ... on level 3 of the Dungeon.
             The game lasted 00:58:47 (3478 turns).

cordlesssteve the Grave Robber (DsNe)               Turns: 3478, Time: 00:58:47

Health: -6/42      AC:  7    Str:  8    XL:     6   Next: 13%
Magic:  19/19      EV:  2    Int: 18    God:
Gold:   160        SH:  0    Dex: 13    Spells: 7/11 levels left

rFire   . . .        r - +2 dagger (venom)
rCold   . . .        (no shield)
rNeg    . . .        p - +0 leather armour
rPois   .            l - +0 helmet
rElec   .            (no cloak)
rCorr   .            w - +0 pair of gloves
SInv    .            (no boots)
Will    .....        e - amulet of regeneration
Stlth   ++           B - ring of magical power
HPRegen 1.07/turn    (no ring)
MPRegen 0.16/turn

%: no passive effects
@: sleeping
A: yellow scales 1
a: no special abilities


You were on level 3 of the Dungeon.
You visited 1 branch of the dungeon, and saw 3 of its levels.

You collected 160 gold pieces.

Inventory:

Hand Weapons
 f - a +0 whip
 j - a +0 mace
 r - a +2 dagger of venom (weapon)
 u - a +0 dagger
 v - a +0 short sword
 G - a +0 falchion
Missiles
 g - 13 poisoned darts
 i - 49 stones
Armour
 a - a +0 robe
 c - a +0 scale mail
 k - a +0 chain mail
 l - a +0 helmet (worn)
 p - a +0 leather armour (worn)
 w - a +0 pair of gloves (worn)
 A - a +0 robe
 D - a +0 ring mail
Jewellery
 e - an amulet of regeneration (around neck)
 B - a ring of magical power (left hand)
Talismans
 H - a serpent talisman
Wands
 C - a wand of flame (11)
Scrolls
 h - a scroll of blinking {unknown}
 n - 2 scrolls of fog
 o - a scroll of identify
 q - a scroll of poison {unknown}
 s - a scroll of amnesia {unknown}
 y - a scroll of acquirement {unknown}
 z - a scroll of teleportation {unknown}
Potions
 b - a potion of magic
 d - a potion of brilliance
 m - a potion of heal wounds
 t - 2 potions of degeneration
 x - 2 potions of curing {unknown}
 E - a potion of attraction {unknown}
 F - a potion of invisibility {unknown}


   Skills:
 + Level 0.9 Fighting
 + Level 1.2 Short Blades
 + Level 1.8 Armour
 + Level 2.6 Dodging
 + Level 2.2 Stealth
 + Level 3.3 Spellcasting
 + Level 5.8 Necromancy


You had 7 spell levels left.
You knew the following spells:

 Your Spells              Type           Power      Damage    Failure   Level
a - Necrotise             Necr           92%        1d8       1%          1
b - Vampiric Draining     Necr           23%        2d7       6%          3

Your spell library contained the following spells:

 Spells                   Type           Power      Damage    Failure   Level
 Animate Dead             Necr           23%        N/A       21%         4
 Freeze                   Ice            8%         1d3       22%         1
 Curse of Agony           Necr           23%        N/A       50%         5
 Frozen Ramparts          Ice            4%         1d1       56%         3
 Hailstorm                Conj/Ice       2%         3d5       56%         3


Dungeon Overview and Level Annotations

Branches:
Dungeon (3/15)

Altars:
Ru

Annotations:
D:3 Crazy Yiuf


Innate Abilities, Weirdness & Mutations

You are partially covered in yellow scales. (AC +2)


Message History

You see here a +0 dagger.
i - 49 stones (gained 5)
Things that are here:
a +0 dagger; a hobgoblin corpse
x - 2 fizzy purple potions (gained 1)
You see here a +0 robe.
There is an open door here.
You now have 160 gold pieces (gained 9).
Things that are here:
a +0 club; a goblin corpse
There is a stone staircase leading down here.
A giant cockroach comes into view.
The giant cockroach bites you but does no damage.
You hit the giant cockroach but do no damage.
The giant cockroach is poisoned.
The giant cockroach bites you but does no damage.
You closely miss the giant cockroach.
The giant cockroach is almost dead.
You kill the giant cockroach!
Found a hammer.
Found a runed translucent door.
There is an open door here.
There is an open door here.
There are no items here.
You open the door. You hit Crazy Yiuf.
Crazy Yiuf is poisoned.
Crazy Yiuf is lightly wounded.
Crazy Yiuf completely misses you.
You closely miss Crazy Yiuf.
Crazy Yiuf is moderately wounded.
Crazy Yiuf closely misses you.
You hit Crazy Yiuf.
Crazy Yiuf looks as sick as possible!
Crazy Yiuf is heavily wounded.
Crazy Yiuf closely misses you.
You barely miss Crazy Yiuf.
Crazy Yiuf is heavily wounded.
Crazy Yiuf hits you with a +3 quarterstaff of chaos!
You fall asleep.
Crazy Yiuf hits you with a +3 quarterstaff of chaos!!
Ouch! That really hurt!
You die...

#.#
#..###....####..........#
###.#####..# #....#
#.......[... #.........##
♣....♣ #........##.
#.....##### ♣...♣♣
#..#####>... #.....#
♣♣.♣♣ #......####.
#.....# #### ♣.♣♣
#..#......## ##..#####..#
♣♣.♣ #..#.####)).
.......##..# ♣.♣♣
####....###. .......##..#
♣♣@♣ #..#...##
.......#...# #g#
##.#....# ...........#
... #.##.... ...........#
#...# #..##...
........†..# #..)#
##..##.. ...........#
##### ##..###
...........# ##....
#######....# ####. ######
##


You could see Crazy Yiuf (extremely poisoned).

Vanquished Creatures
  Grinder (D:3)
  Ijyb (D:3)
  A shadow imp (D:3)
  2 dart slugs
  An orc (D:3)
  6 ball pythons
  3 endoplasms
  A giant cockroach (D:3)
  3 goblins
  5 hobgoblins
  5 quokkas
  6 bats
  4 frilled lizards (D:1)
  7 kobolds
  A rat (D:1)
47 creatures vanquished.

Vanquished Creatures (collateral kills)
  A dart slug (D:1)
  A goblin (D:3)
  A hobgoblin (D:3)
  A frilled lizard (D:1)
  2 kobolds (D:1)
6 creatures vanquished.

Grand Total: 53 creatures vanquished

Notes
Turn   | Place    | Note
-------+----------+-------------------------------------------
     0 | D:1      | cordlesssteve the Demonspawn Necromancer began the quest
                  | for the Orb.
     0 | D:1      | Reached XP level 1. HP: 13/13 MP: 3/3
   342 | D:1      | Gained mutation: You are partially covered in yellow
                  | scales. (AC +2) [demonic ancestry]
   342 | D:1      | Reached XP level 2. HP: 19/19 MP: 1/5
  1023 | D:1      | Reached XP level 3. HP: 24/24 MP: 1/6
  2538 | D:2      | Learned a level 3 spell: Vampiric Draining
  2590 | D:3      | Found a sacrificial altar of Ru.
  2626 | D:3      | Reached skill level 5 in Necromancy
  2663 | D:3      | Noticed Ijyb
  2677 | D:3      | Killed Ijyb
  2678 | D:3      | Reached XP level 4. HP: 28/30 MP: 3/7
  3115 | D:3      | Found a faded altar of an unknown god.
  3158 | D:3      | Noticed Grinder
  3174 | D:3      | Paralysed by Grinder for 4 turns
  3184 | D:3      | Killed Grinder
  3185 | D:3      | Reached skill level 1 in Short Blades
  3185 | D:3      | Reached skill level 1 in Armour
  3185 | D:3      | Reached XP level 5. HP: 27/36 MP: 7/9
  3185 | D:3      | Reached XP level 6. HP: 31/42 MP: 7/10
  3417 | D:3      | Found a runed translucent door.
  3418 | D:3      | Noticed Crazy Yiuf
  3478 | D:3      | Mangled by Crazy Yiuf

Illustrated notes

Levels and vault maps discovered:
D:1:      lemuel_arrival_room, layout_basic
D:2:      layout_basic
D:3:      minmay_evil_eye, layout_rooms, nicolae_ru_great_annihilating_truth,
          ebering_ecumenical_altar_petrified, uniq_crazy_yiuf_cottage,
          uniq_ijyb, uniq_grinder

Skill      XL: |  1  2  3  4 |
---------------+-------------+-----
Dodging        | 2 |  2.6
Necromancy     | 5 |  5.8
Stealth        | 2 |  2.2
Short Blades   | 1 |  1.2
Armour         | 1 |  1.8
Spellcasting   | 3 |  3.3
Fighting       | |  0.9

Action                     |  1- 3 |  4- 6 || total
---------------------------+-------+-------++-------
  Melee: Whip              |    64 |       ||    64
         Unarmed           |     1 |       ||     1
         Punch             |     3 |       ||     3
         Dagger            |    18 |    49 ||    67
   Cast: Necrotise         |    44 |       ||    44
         Vampiric Draining |     2 |     4 ||     6
    Use: Scroll            |     7 |       ||     7
         Potion            |       |     1 ||     1
 Armour: Scale mail        |    47 |       ||    47
         Skin              |     4 |       ||     4
         Leather armour    |    56 |    38 ||    94
  Dodge: Dodged            |    83 |    37 ||   120
